 Dungeon Crawl Stone Soup version 0.20-a0-760-g49f5558 (webtiles) character file.

441 polly the Slasher (level 6, -1/47 HPs)
             Began as a Demonspawn Gladiator on Feb 25, 2017.
             Was a Follower of Okawaru.
             Slain by an ogre
             ... wielding a cursed -1 giant spiked club
              (25 damage)
             ... on level 4 of the Dungeon.
             The game lasted 00:04:17 (3317 turns).

polly the Slasher (Demonspawn Gladiator)            Turns: 3317, Time: 00:04:17

Health: -1/47      AC: 10    Str: 16    XL:     6   Next: 70%
Magic:  6/6        EV:  8    Int:  9    God:    Okawaru [*.....]
Gold:   216        SH:  0    Dex: 15    Spells: 5/5 levels left

rFire    . . .     SeeInvis +     - Unarmed
rCold    . . .     Gourm    .   i - +0 chain mail
rNeg     . . .     Faith    .   (no shield)
rPois    .         Spirit   .   c - +0 helmet
rElec    .         Reflect  .   (no cloak)
rCorr    .         Harm     .   (no gloves)
MR       .....                  (no boots)
Stlth    ..........             (no amulet)
Regen    0.2/turn               (no ring)
MPRegen  0.1/turn               p - ring of see invisible

@: no status effects
A: claws 1, spiny 2
a: Heroism, Renounce Religion


You were on level 4 of the Dungeon.
You worshipped Okawaru.
Okawaru was aware of your devotion.
You were not hungry.

You visited 1 branch of the dungeon, and saw 4 of its levels.

You collected 216 gold pieces.

Inventory:

Missiles
 d - 3 throwing nets (quivered)
Armour
 c - a +0 helmet (worn)
 i - a +0 chain mail (worn)
Jewellery
 p - a ring of see invisible (left claw)
 v - a cursed ring of teleportation {unknown}
Wands
 l - a wand of confusion (21/48)
Scrolls
 a - 2 scrolls of teleportation {unknown}
 h - 2 scrolls of fear {unknown}
 k - a scroll of amnesia {unknown}
 m - 2 scrolls of identify {unknown}
 q - a scroll of magic mapping {unknown}
 r - a scroll of remove curse {unknown}
 u - a scroll of recharging {unknown}
Potions
 b - 3 potions of mutation {unknown}
 e - 4 potions of curing {unknown}
 j - 2 potions of heal wounds {unknown}
 n - a potion of lignification {unknown}
 o - 2 potions of might {unknown}
 t - a potion of brilliance {unknown}
Comestibles
 f - 4 bread rations
 g - 4 royal jellies
 s - a meat ration
 w - 3 chunks of flesh


   Skills:
 + Level 3.4 Fighting
   Level 4.0 Long Blades
 + Level 2.0 Throwing
 + Level 2.9 Armour
 + Level 3.2 Dodging
 * Level 2.8 Unarmed Combat


You had 5 spell levels left.
You didn't know any spells.

Dungeon Overview and Level Annotations

Branches:
Dungeon (4/15)
 Temple: D:4-7

Altars:
Okawaru


Innate Abilities, Weirdness & Mutations

You have sharp fingernails.
You are mostly covered in sharp spines.


Message History

You scratch the ogre.
The ogre is lightly wounded.
The ogre is struck by your spines. The ogre closely misses you.
You claw the ogre!
The ogre is heavily wounded.
You scratch the ogre but do no damage.
The ogre is heavily wounded.
The ogre hits you with a giant spiked club!!
Ouch! That really hurt!
You scratch the ogre.
The ogre is severely wounded.
The ogre closely misses you.
You scratch the ogre.
The ogre is severely wounded.
You scratch the ogre but do no damage.
The ogre is severely wounded.
The ogre is struck by your spines.
The ogre hits you with a giant spiked club!!
Ouch! That really hurt!
You die...

##. #.. #.# #.# #. ..
###.# #.. ..#
##...####.##..##
##.....##.......# .....
#......<#...)...# ....
#......@#.......# .O..
#......O#.......# w...
##..............#####...
##......................
#.......###..#..### #...
#.....(.# #..O..#####...
#.....(.# #.......O.....
##......# #.............
##....## #.............


You could see an ogre.

Vanquished Creatures
  An ogre (D:3)
  A gnoll shaman (D:3)
  An orc priest (D:4)
  Jessica (D:3)
  Natasha (thrice) (D:3)
  An iguana (D:4)
  A worker ant (D:4)
  6 adders (D:2)
  An adder skeleton (D:4)
  3 worms
  A dart slug (D:1)
  5 leopard geckos
  8 orcs
  10 bats
  5 giant cockroaches
  4 goblins
  6 hobgoblins
  4 jackals
  2 kobolds (D:2)
  A ball python (D:1)
  5 frilled lizards
  A jackal skeleton (D:4)
  8 rats
79 creatures vanquished.

Notes
Turn   | Place    | Note
-------+----------+-------------------------------------------
     0 | D:1      | polly the Demonspawn Gladiator began the quest for the Orb.
     0 | D:1      | Reached XP level 1. HP: 16/16 MP: 1/1
   223 | D:1      | Gained mutation: You are partially covered in sharp spines. [demonic ancestry]
   223 | D:1      | Reached XP level 2. HP: 22/22 MP: 2/2
   611 | D:2      | Reached skill level 3 in Long Blades
   880 | D:2      | Reached XP level 3. HP: 23/28 MP: 3/3
  1301 | D:2      | Reached XP level 4. HP: 32/34 MP: 4/4
  1519 | D:3      | Noticed Natasha
  1832 | D:3      | Killed Natasha
  1832 | D:3      | Reached skill level 1 in Armour
  1906 | D:3      | Noticed Natasha
  1909 | D:3      | Killed Natasha
  1909 | D:3      | Reached skill level 4 in Long Blades
  1909 | D:3      | Gained mutation: You have sharp fingernails. [demonic ancestry]
  1909 | D:3      | Reached XP level 5. HP: 35/41 MP: 5/5
  1961 | D:3      | Found an iron altar of Okawaru.
  1967 | D:3      | Noticed Jessica
  1971 | D:3      | Became a worshipper of Warmaster Okawaru
  1983 | D:3      | Killed Jessica
  1991 | D:3      | Noticed Natasha
  2007 | D:3      | Killed Natasha
  2210 | D:3      | Reached skill level 1 in Unarmed Combat
  2688 | D:4      | Gained mutation: You are mostly covered in sharp spines. [demonic ancestry]
  2688 | D:4      | Reached XP level 6. HP: 47/47 MP: 6/6
  3181 | D:3      | Reached * piety under Okawaru
  3317 | D:4      | Slain by an ogre

Vault maps used:
D:1:      tarquinn_simple_flora_water_f
D:2:      minmay_wonky_spiral
D:3:      st_stairs_3, serial_bayou_pond_d, minmay_splitting_lines,
          minivault_24, corexii_leaking_fountain, okawaru_gym_becter,
          uniq_natasha, uniq_jessica
D:4:      lemuel_doored_altar, nemelex_dance_club_becter,
          uniq_crazy_yiuf_cottage, uniq_blork_the_orc, uniq_grinder

Skill      XL: |  1  2  3  4  5  6 |
---------------+-------------------+-----
Dodging        | 3 |  3.2
Long Blades    | 3 4 |  4.0
Armour         | 1 2 |  2.9
Fighting       | 3 |  3.4
Throwing       | 2 |  2.0
Unarmed Combat | 1 2 |  2.8

Action                   |  1- 3 |  4- 6 || total
-------------------------+-------+-------++-------
Melee: Long sword        |    84 |    26 ||   110
       Unarmed           |       |   137 ||   137
Throw: Throwing net      |       |     1 ||     1
 Stab: Sleeping          |     1 |       ||     1
  Eat: Chunk             |     1 |     7 ||     8
Armor: Chain mail        |    48 |    70 ||   118
       Leather armour    |     3 |       ||     3
Dodge: Dodged            |    38 |    61 ||    99
       Rpst.: Long sword |    12 |     6 ||    18
